 Dungeon Crawl Stone Soup version 0.29.1-13-g9f3cf754e1 (webtiles) character file.

Game seed: 8151385200297611313

32 Thatpatchoflichen the Ruffian (level 3, -13/33 HPs)
             Began as a Ghoul Monk on Jan 19, 2023.
             Killed from afar by Jessica (17 damage)
             ... with a bolt of light
             ... on level 3 of the Dungeon.
             The game lasted 00:03:41 (1481 turns).

Thatpatchoflichen the Ruffian (Ghoul Monk)          Turns: 1481, Time: 00:03:46

Health: -13/33     AC:  3    Str: 16      XL:     3   Next: 25%
Magic:  2/2        EV: 12    Int:  5      God:
Gold:   46         SH:  0    Dex:  9 (11) Spells: 2/2 levels left

rFire   . . .      SeeInvis .     - Unarmed
rCold   + . .      Faith    .   (no shield)
rNeg    + + +      Spirit   .   a - +0 robe
rPois   ∞          Reflect  .   (no helmet)
rElec   .          Harm     .   e - +0 cloak
rCorr   .          Rampage  .   (no gloves)
Will    .....                   (no boots)
Stlth   ++........              (no amulet)
HPRegen 0.00/turn               (no ring)
MPRegen 0.08/turn               (no ring)

@: inhibited regen, slowed, very slow
A: claws 1, cold resistance 1, negative energy resistance 3, inhibited
regeneration, torment resistance 2, devour on kill
a: no special abilities


You were on level 3 of the Dungeon.
You visited 1 branch of the dungeon, and saw 3 of its levels.

You collected 46 gold pieces.

Inventory:

Armour
 a - a +0 robe (worn)
 e - a +0 cloak (worn)
Jewellery
 h - a +6 ring of dexterity
Scrolls
 d - a scroll of summoning {unknown}
Potions
 b - a potion of ambrosia
 c - a potion of attraction {unknown}
 f - a potion of mutation
 g - a potion of resistance {unknown}


   Skills:
 + Level 3.7 Fighting
 - Level 3.0 Dodging
 - Level 2.1 Stealth
 * Level 4.1 Unarmed Combat


You had 2 spell levels left.
You didn't know any spells.
Your spell library contained the following spells:

 Spells                   Type           Power      Damage    Failure   Level
 Slow                     Hex            0%         N/A       47%         1
 Confusing Touch          Hex            0%         N/A       85%         3
 Vampiric Draining        Necr           0%         2d6       85%         3


Dungeon Overview and Level Annotations

Branches:
Dungeon (3/15)

Altars:

Shops:
D:1 :

Annotations:
D:3 Jessica


Innate Abilities, Weirdness & Mutations

You are immune to poison.
You have sharp fingernails.
Your flesh is cold resistant. (rC+)
You are immune to negative energy. (rN+++)
You do not regenerate when monsters are visible.
You are immune to unholy pain and torment.
You thrive by killing the living.


Message History

You feel yourself slow down.
Jessica zaps a wand.
The bolt of light hits you!
You are confused.
There is a stone staircase leading down here.
You scratch Jessica.
Jessica is moderately wounded.
Jessica casts a spell at you.
You feel as though you will be slow longer.
You closely miss Jessica.
Jessica is moderately wounded.
You feel less confused.
Jessica zaps a wand.
The bolt of light hits you!
You are confused.
You miss Jessica.
Jessica is moderately wounded.
Jessica completely misses you. Jessica barely misses you.
You bump into the rock wall.
You feel less confused. Jessica closely misses you.
You closely miss Jessica.
Jessica is moderately wounded.
Jessica completely misses you. Jessica hits you with a +0 club.
* * * LOW HITPOINT WARNING * * *
You scratch Jessica.
Jessica is severely wounded.
Jessica hits you with a +0 club.
* * * LOW HITPOINT WARNING * * *
Jessica hits you with a +0 club.
* * * LOW HITPOINT WARNING * * *
You climb downwards.
Found a glass ring.
There is a stone staircase leading up here.
It was a potion of mutation.
You feel extremely strange.
Your body decomposes!
You feel clumsy.
Your body decomposes!
You feel clumsy.
Jessica zaps a wand.
The bolt of light hits you!
Ouch! That really hurt!
You die...

.. #.# .....
.##.##..S..
#.......... ###
#.#.#......
....#..........
......#=#......
#.....@....#
#......@...#
#.......####
#####.#..
#.#### #


You could see Jessica and a ball python.

Vanquished Creatures
  A worm (D:2)
  4 endoplasms
  3 giant cockroaches (D:1)
  2 hobgoblins (D:1)
  5 kobolds
  A quokka (D:2)
  3 ball pythons
  2 bats
  3 frilled lizards
  2 goblins (D:1)
  2 rats (D:2)
28 creatures vanquished.

Notes
Turn   | Place    | Note
-------+----------+-------------------------------------------
     0 | D:1      | Thatpatchoflichen the Ghoul Monk began the quest for the
                  | Orb.
     0 | D:1      | Reached XP level 1. HP: 19/19 MP: 0/0
   458 | D:1      | Reached XP level 2. HP: 22/26 MP: 1/1
   510 | D:1      | Found Jucvoqer's Book Boutique.
  1347 | D:2      | Reached XP level 3. HP: 26/33 MP: 2/2
  1396 | D:2      | Reached skill level 4 in Unarmed Combat
  1464 | D:2      | Noticed Jessica
  1481 | D:3      | Killed from afar by Jessica

Illustrated notes

Levels and vault maps discovered:
D:1:      dpeg_arrival_orchard, layout_basic, serial_shops,
          nicolae_shop_statue_plus
D:2:      layout_rooms, uniq_sigmund, uniq_jessica, uniq_crazy_yiuf_cottage
D:3:      layout_basic, chequers_temple_overflow_statue_of_worship,
          mainiacjoe_overflow_catwalk_spiral,
          hellmonk_ecumenical_altar_pennies_from_heaven, serial_glass,
          glass_columns_a, glass_columns_b, item_on_display_a, uniq_ijyb,
          uniq_terence

Skill      XL: |  1  2  3 |
---------------+----------+-----
Dodging        | 3 |  3.0
Unarmed Combat | 4 |  4.1
Fighting       | |  3.7
Stealth        | |  2.1

Action                   || total
-------------------------++-------
Melee: Unarmed           ||    88
       Punch             ||     3
  Use: Potion            ||     1
 Stab: Sleeping          ||     1
Armor: Robe              ||    22
Dodge: Dodged            ||    46
